AoeStats
← MZTK | GaboxNet .i.

Lombardia

510141383Analyzed
2v2 RM · 3d ago on Sep 29, 2026· 13m 28s· 4 players
Game mode
Random Map
Map size
Medium (4 player)
Population
200
Speed
Normal
Resources
Standard
Victory
Conquest
Starting age
Dark Age
Ending age
Imperial Age
RankedLock teamsTeams togetherTeam positionsShared explorationLock speedFull tech treeHidden civsTurbo modeCheats
Victory
Defeat
🇪🇸 Magyars · Spain
1333
+14
🇲🇽 Tatars · Mexico
1154
+21
🇺🇸 Portuguese · United States
1294
-18
🇨🇴 Poles · Colombia
1255
-17
MZTK | GaboxNet .i.
10:25 Feudal Age
11:19 Double-Bit Axe
stiven15678
6:33 Loom
9:07 Feudal Age
9:37 Double-Bit Axe
11:26 Horse Collar
Maverick8564
6:50 Loom
11:31 Feudal Age
Patroclo
2:43 Loom
12:39 Feudal Age
13:30 Double-Bit Axe
13:28 Horse Collar
Connection lost

Rejoining the realm…

Still unreachable

The connection could not be restored.

Session expired

The server has moved on; the page needs a fresh start.